[Event "Titled Tuesday Blitz October 31 Early 2023"]
[White "Muhammad Shahzeb"]
[Black "Lohani, Sujana"]
[WhiteFideId "7804806"]
[BlackFideId "12311987"]
[WhiteElo "2315"]
[BlackElo "1950"]
[Result "1-0"]
[Round "3"]
[TimeControl "180+1"]
[Date "2023.10.31"]
[WhiteClock "0:00:14"]
[BlackClock "0:00:00"]
[Board "195"]

1. e4 c5 2. Nc3 Nc6 3. f4 a6 4. Nf3 e6 5. d4 cxd4 6. Nxd4 Be7 7. Be3 Nf6 8. e5 Ng8 9. Bd3 d6 10. Qf3 dxe5 11. Nxc6 bxc6 12. fxe5 Bd7 13. O-O f6 14. Qh5+ Kf8 15. Ne4 Be8 16. Qh3 Bf7 17. exf6 Nxf6 18. Ng5 Qd5 19. Nxf7 Kxf7 20. b3 Bc5 21. Kh1 Bxe3 22. Qxe3 Rad8 23. Bc4 Qd6 24. Rae1 Rhe8 25. Qg5 Kg8 26. Rxf6 Qd4 27. Rfxe6 1-0


[Site "https://www.chess.com"]

[Event "Titled Tuesday Blitz October 31 Early 2023"]
[White "Desideri, Ricardo Maruchi"]
[Black "Petrova, Irina"]
[WhiteFideId "2110440"]
[BlackFideId "14124122"]
[WhiteElo "1929"]
[BlackElo "2311"]
[Result "0-1"]
[Round "3"]
[TimeControl "180+1"]
[Date "2023.10.31"]
[WhiteClock "0:00:16"]
[BlackClock "0:01:54"]
[Board "196"]

1. e4 d6 2. d4 Nf6 3. Nc3 e5 4. Nge2 Nc6 5. f3 Be7 6. Be3 O-O 7. g4 exd4 8. Nxd4 Nxd4 9. Bxd4 c5 10. Be3 a6 11. g5 Nd7 12. Qd2 Ne5 13. Be2 b5 14. Nd5 Be6 15. Nxe7+ Qxe7 16. Rg1 Bc4 17. f4 Bxe2 18. Qxe2 Nc4 19. Bc1 Rfe8 20. b3 Qxe4 21. Qxe4 Rxe4+ 22. Kf2 Nb6 23. Kf3 Rae8 24. h4 Re1 25. Rxe1 Rxe1 26. Bb2 Rxa1 27. Bxa1 Kf8 28. f5 g6 29. Kf4 Ke7 30. Bf6+ Kd7 31. Kg4 Nd5 32. fxg6 fxg6 33. h5 Ke6 34. hxg6 hxg6 0-1


[Site "https://www.chess.com"]

[Event "Titled Tuesday Blitz October 31 Early 2023"]
[White "Babarsik1977"]
[Black "Gyulamiryan-koryun"]
[WhiteElo "2310"]
[BlackElo "1912"]
[Result "1-0"]
[Round "3"]
[TimeControl "180+1"]
[Date "2023.10.31"]
[WhiteClock "0:00:29"]
[BlackClock "0:00:00"]
[Board "197"]

1. e4 c5 2. Nc3 e6 3. f4 d5 4. Bb5+ Bd7 5. Bxd7+ Qxd7 6. Nf3 Nf6 7. d3 Nc6 8. e5 d4 9. exf6 dxc3 10. bxc3 gxf6 11. O-O Be7 12. Rb1 O-O-O 13. Qe2 Rhg8 14. Be3 Qc7 15. d4 cxd4 16. cxd4 Rd5 17. c4 Ra5 18. Rb5 Rd8 19. Rfb1 a6 20. Rxa5 Qxa5 21. f5 Qxf5 22. Qb2 Rd7 23. Bf2 Nb4 24. Rd1 Nd3 25. Qc2 Nxf2 26. Qxf5 exf5 27. Kxf2 Rc7 28. Rc1 b5 29. c5 Kd7 30. Nh4 Ke6 31. Re1+ Kd5 32. Nxf5 Bf8 33. Re8 1-0


[Site "https://www.chess.com"]

[Event "Titled Tuesday Blitz October 31 Early 2023"]
[White "Schut, Han"]
[Black "Alves Campelo, Danilo Cesar De L"]
[WhiteFideId "1005561"]
[BlackFideId "2123657"]
[WhiteElo "2303"]
[BlackElo "1906"]
[Result "1-0"]
[Round "3"]
[TimeControl "180+1"]
[Date "2023.10.31"]
[WhiteClock "0:02:28"]
[BlackClock "0:01:58"]
[Board "198"]

1. e4 e6 2. d4 d5 3. e5 c5 4. c3 Nc6 5. Nf3 Qb6 6. Bd3 Bd7 7. dxc5 Bxc5 8. O-O a5 9. h4 Nge7 10. h5 h6 11. Qe2 O-O-O 12. a3 f6 13. b4 a4 14. bxc5 1-0


[Site "https://www.chess.com"]

[Event "Titled Tuesday Blitz October 31 Early 2023"]
[White "Mohammadian,Mohammad"]
[Black "Shapiro, Daniel"]
[WhiteFideId "12566055"]
[BlackFideId "2001780"]
[WhiteElo "1864"]
[BlackElo "2303"]
[Result "0-1"]
[Round "3"]
[TimeControl "180+1"]
[Date "2023.10.31"]
[WhiteClock "0:00:26"]
[BlackClock "0:01:26"]
[Board "199"]

1. e4 c5 2. Nf3 Nc6 3. d4 cxd4 4. Nxd4 Nf6 5. Nc3 d6 6. Be2 e6 7. Be3 a6 8. O-O Be7 9. f4 Qc7 10. Qe1 Bd7 11. Qf2 Rb8 12. Rad1 O-O 13. f5 Ne5 14. fxe6 fxe6 15. Qg3 Rbe8 16. Bh6 Rf7 17. Rxf6 Bxf6 18. Bh5 Ng6 19. Rf1 Bxd4+ 20. Be3 Qc5 21. Rxf7 Bxe3+ 22. Kh1 Kxf7 23. Bxg6+ hxg6 24. Qf3+ Kg8 25. Ne2 Rf8 26. Qg3 Rf1+ 0-1


[Site "https://www.chess.com"]

[Event "Titled Tuesday Blitz October 31 Early 2023"]
[White "ssgm49"]
[Black "ReinisUz"]
[WhiteElo "1825"]
[BlackElo "2298"]
[Result "0-1"]
[Round "3"]
[TimeControl "180+1"]
[Date "2023.10.31"]
[WhiteClock "0:00:02"]
[BlackClock "0:00:10"]
[Board "200"]

1. Nf3 c5 2. c4 Nc6 3. Nc3 g6 4. d4 cxd4 5. Nxd4 Bg7 6. Nc2 Nf6 7. e4 O-O 8. Be2 d6 9. O-O b6 10. Be3 Bb7 11. Qd2 Rc8 12. f3 Ne5 13. b3 Nfd7 14. Rad1 Qc7 15. f4 Nc6 16. e5 Ncxe5 17. fxe5 Nxe5 18. Nd4 Qd7 19. Nd5 Rfe8 20. Nb5 Ng4 21. Bxg4 Qxg4 22. Nbc7 Rxc7 23. Nxc7 Rc8 24. Nd5 Qd7 25. Bg5 Re8 26. Rde1 f6 27. Bf4 e6 28. Ne3 e5 29. Bg3 f5 30. Nd5 f4 31. Bh4 Rf8 32. Ne7+ Kh8 33. Nd5 Rf7 34. Rd1 h6 35. Nc3 Bf8 36. Nb5 g5 37. Bf2 Qc6 38. Be1 Rd7 39. Nc3 Qc8 40. Nd5 Rf7 41. Qd3 Qg4 42. h3 Qe6 43. Rf3 h5 44. Rf1 g4 45. Bc3 Rg7 46. hxg4 hxg4 47. Kf2 g3+ 48. Ke2 e4 49. Bxg7+ Bxg7 50. Qc2 f3+ 51. gxf3 exf3+ 52. Kxf3 Bc8 53. Rh1+ Kg8 54. Qh7+ Kf8 55. Kg2 Qe2+ 56. Kg1 Qf2# 0-1


[Site "https://www.chess.com"]

[Event "Titled Tuesday Blitz October 31 Early 2023"]
[White "Kamsky, Gata"]
[Black "Nakamura, Hikaru"]
[WhiteFideId "2000024"]
[BlackFideId "2016192"]
[WhiteElo "2812"]
[BlackElo "3237"]
[Result "0-1"]
[Round "4"]
[TimeControl "180+1"]
[Date "2023.10.31"]
[WhiteClock "0:01:06"]
[BlackClock "0:01:19"]
[Board "1"]

1. d4 Nf6 2. Bf4 d5 3. e3 c5 4. c3 Qb6 5. Qb3 c4 6. Qc2 g6 7. Nd2 Bf5 8. Qc1 Nc6 9. Ngf3 Nh5 10. Bg3 Nxg3 11. hxg3 Bg7 12. Be2 O-O 13. O-O Rac8 14. Re1 h6 15. Bd1 g5 16. Bc2 Bxc2 17. Qxc2 f5 18. b3 cxb3 19. Qxb3 Qxb3 20. axb3 g4 21. Nh2 e5 22. b4 b6 23. Nb3 Rc7 24. b5 Ne7 25. dxe5 Bxe5 26. Nd4 Kf7 27. Nf1 Nc8 28. Ra3 Kf6 29. Rb1 Nd6 30. Nd2 Bxd4 31. exd4 Rfc8 32. Rbb3 Re8 33. Rb1 Re2 34. Rd1 Nxb5 0-1


[Site "https://www.chess.com"]

[Event "Titled Tuesday Blitz October 31 Early 2023"]
[White "Andreikin, Dmitry"]
[Black "Vakhlamov, Igor L."]
[WhiteFideId "4158814"]
[BlackFideId "24126748"]
[WhiteElo "3100"]
[BlackElo "2801"]
[Result "1-0"]
[Round "4"]
[TimeControl "180+1"]
[Date "2023.10.31"]
[WhiteClock "0:00:08"]
[BlackClock "0:00:00"]
[Board "2"]

1. c4 e6 2. Nf3 d5 3. g3 Nf6 4. Bg2 c5 5. cxd5 exd5 6. O-O Nc6 7. d4 Be7 8. dxc5 Bxc5 9. Qc2 Bb6 10. Nc3 O-O 11. Bg5 Be6 12. Rad1 h6 13. Bxf6 Qxf6 14. e3 Rad8 15. Ne2 Bg4 16. Nf4 d4 17. e4 d3 18. Qa4 Ne5 19. Nxe5 Bxd1 20. Rxd1 Qxe5 21. Qb3 d2 22. Nd5 Qd4 23. Qf3 Qxb2 24. h4 Rfe8 25. Bf1 Qxa2 26. h5 Qc2 27. Bd3 Qc5 28. Rxd2 a5 29. Rc2 Qd4 30. Rc4 Qa1+ 31. Kg2 Bd4 32. Rc7 Rf8 33. Rxb7 a4 34. Ne7+ Kh8 35. Nc6 Rc8 36. Rxf7 Rxf7 37. Qxf7 Qc3 38. Bb5 a3 39. e5 Bxe5 40. Qf5 1-0


[Site "https://www.chess.com"]

[Event "Titled Tuesday Blitz October 31 Early 2023"]
[White "Komov, Roman"]
[Black "So, Wesley"]
[WhiteFideId "24175714"]
[BlackFideId "5202213"]
[WhiteElo "2784"]
[BlackElo "3097"]
[Result "0-1"]
[Round "4"]
[TimeControl "180+1"]
[Date "2023.10.31"]
[WhiteClock "0:00:48"]
[BlackClock "0:00:19"]
[Board "3"]

1. e4 e6 2. d4 d5 3. e5 c5 4. c3 Nc6 5. Nf3 Qb6 6. a3 Nh6 7. b4 cxd4 8. Bxh6 gxh6 9. b5 Ne7 10. cxd4 Bd7 11. Nbd2 Rc8 12. a4 Rg8 13. g3 a5 14. Bd3 Rg4 15. O-O Rxd4 16. Nxd4 Qxd4 17. Nf3 Qg4 18. Kg2 Ng6 19. Qd2 Qb4 20. Rfc1 Qxd2 21. Rxc8+ Bxc8 22. Nxd2 Nxe5 23. Bxh7 b6 24. Rc1 Bc5 25. Nb3 Nd7 26. f4 Bb7 27. Bd3 Bd6 28. Kf2 Ke7 29. Nd4 Bc5 30. Ke3 f6 31. Bf5 exf5 32. Kd3 Bxd4 33. Rc7 Kd6 34. Rxb7 Nc5+ 0-1


[Site "https://www.chess.com"]

[Event "Titled Tuesday Blitz October 31 Early 2023"]
[White "Keymer, Vincent"]
[Black "Liyanage, Ranindu Dilshan"]
[WhiteFideId "12940690"]
[BlackFideId "9915834"]
[WhiteElo "3055"]
[BlackElo "2780"]
[Result "1-0"]
[Round "4"]
[TimeControl "180+1"]
[Date "2023.10.31"]
[WhiteClock "0:00:06"]
[BlackClock "0:00:00"]
[Board "4"]

1. a3 g6 2. Nf3 Bg7 3. d4 d5 4. c3 Nf6 5. Bf4 O-O 6. h3 b6 7. e3 Bb7 8. Nbd2 c5 9. Bd3 Nc6 10. O-O Re8 11. Bh2 Nd7 12. Bc2 e5 13. e4 cxd4 14. exd5 Ne7 15. c4 Nc5 16. Bxe5 Bxe5 17. Nxe5 Nxd5 18. Nxf7 Kxf7 19. cxd5 Qxd5 20. Qg4 Re2 21. Rad1 d3 22. Bb1 Rae8 23. b4 h5 24. Qc4 Na4 25. Bxd3 R2e5 26. Qxd5+ Bxd5 27. Nc4 Bxc4 28. Bxc4+ Kg7 29. Rd7+ R8e7 30. Rd8 Nb2 31. Bb3 Re2 32. g3 h4 33. g4 Rc7 34. Kg2 b5 35. Bd5 Nc4 36. Bf3 Ra2 37. Kg1 Rxa3 38. Bg2 Rc3 39. Re1 Rf7 40. Bd5 Rc7 41. Ree8 Rc2 42. g5 Rc1+ 43. Kg2 Ne5 44. Rxe5 1-0


[Site "https://www.chess.com"]

[Event "Titled Tuesday Blitz October 31 Early 2023"]
[White "Sokolovsky, Yahli"]
[Black "Terry, Renato"]
[WhiteFideId "2820242"]
[BlackFideId "3803457"]
[WhiteElo "2777"]
[BlackElo "3018"]
[Result "0-1"]
[Round "4"]
[TimeControl "180+1"]
[Date "2023.10.31"]
[WhiteClock "0:00:00"]
[BlackClock "0:00:03"]
[Board "5"]

1. b3 d5 2. Bb2 Bg4 3. h3 Bf5 4. e3 Nd7 5. d4 e6 6. Bd3 Ngf6 7. Nf3 Bd6 8. Nbd2 Ne4 9. Bxe4 dxe4 10. Ne5 Nxe5 11. dxe5 Be7 12. Qe2 Qd5 13. O-O-O O-O-O 14. Nc4 Qc6 15. Kb1 b5 16. Nd2 Rd5 17. Nf1 Rxd1+ 18. Qxd1 Rd8 19. Qe2 Bb4 20. a3 Bc3 21. f4 exf3 22. gxf3 Qc5 23. e4 Bxb2 24. Kxb2 Qxe5+ 25. Kb1 Bg6 26. Ne3 f5 27. exf5 Bxf5 28. h4 a6 29. Re1 Bg6 30. Ng4 Qxe2 31. Rxe2 Bf5 32. Ne3 Bg6 33. Ng4 Rd6 34. Kb2 Bh5 35. Ne5 Rd4 36. Nd3 Bf7 37. Nf2 Rxh4 38. Re3 Rh5 39. Ng4 Rf5 40. Ne5 Be8 41. Kc3 h5 42. Kd2 h4 43. Ke2 g5 44. Kf2 Bh5 45. Kg2 Kd8 46. Kh3 Ke7 47. Nc6+ Kd6 48. Nd4 Rf6 49. Kg2 e5 50. Ne2 Rf5 51. Nc3 Ke6 52. Ne4 g4 53. fxg4 Bxg4 54. Nf2 Bh5 55. Ne4 Rf4 56. Nf2 Kf5 57. Nd3 Re4 58. Rh3 Re2+ 59. Nf2 Rxc2 60. Rxh4 Kg5 61. Re4 Kf6 62. Re3 Bf7 63. Kg3 Rb2 64. Ng4+ Kg7 65. b4 Ra2 66. Nxe5 Bd5 67. Nd7 Kf7 68. Nc5 c6 69. Nxa6 Kf6 70. Nc5 Kf5 71. Rd3 Rg2+ 72. Kh3 Rg8 73. Re3 Kf4 74. Re5 Rh8+ 0-1


[Site "https://www.chess.com"]

[Event "Titled Tuesday Blitz October 31 Early 2023"]
[White "Pranav, V"]
[Black "Korchmar, Vasiliy"]
[WhiteFideId "25060783"]
[BlackFideId "24131750"]
[WhiteElo "3018"]
[BlackElo "2771"]
[Result "1-0"]
[Round "4"]
[TimeControl "180+1"]
[Date "2023.10.31"]
[WhiteClock "0:01:41"]
[BlackClock "0:00:00"]
[Board "6"]

1. e4 c5 2. Nf3 d6 3. d4 cxd4 4. Nxd4 Nf6 5. Nc3 Nc6 6. Bg5 Bd7 7. Qd2 a6 8. O-O-O e6 9. Nxc6 Bxc6 10. Kb1 Be7 11. f3 b5 12. h4 Qc7 13. h5 h6 14. Be3 b4 15. Ne2 d5 16. e5 Nd7 17. f4 Bb5 18. Nd4 Bxf1 19. Rhxf1 Nc5 20. f5 Ne4 21. Qd3 Qxe5 22. fxe6 fxe6 23. Bf4 Qf6 24. Bg3 Qg5 25. Nxe6 Qxg3 26. Qxd5 Nf6 27. Qxa8+ Kf7 28. Qxh8 Kxe6 29. Qc8+ Kf7 30. Rfe1 Bd6 31. Qe6+ 1-0


[Site "https://www.chess.com"]

[Event "Titled Tuesday Blitz October 31 Early 2023"]
[White "Taher, Yoseph Theolifus"]
[Black "Le, Quang Liem"]
[WhiteFideId "7105347"]
[BlackFideId "12401137"]
[WhiteElo "2769"]
[BlackElo "3010"]
[Result "0-1"]
[Round "4"]
[TimeControl "180+1"]
[Date "2023.10.31"]
[WhiteClock "0:00:03"]
[BlackClock "0:00:19"]
[Board "7"]

1. d4 c6 2. e4 d5 3. e5 Bf5 4. h4 h5 5. Bd3 Bxd3 6. Qxd3 e6 7. Bg5 Be7 8. Nf3 Nh6 9. Bxh6 Rxh6 10. c4 dxc4 11. Qxc4 Qb6 12. Qe2 Qa6 13. Nbd2 Qxe2+ 14. Kxe2 Na6 15. Ne4 f6 16. g3 O-O-O 17. Rhd1 Rhh8 18. a3 b6 19. Rac1 Kb7 20. Rc3 c5 21. dxc5 Nxc5 22. Nxc5+ Bxc5 23. Rxd8 Rxd8 24. exf6 gxf6 25. b4 Bd6 26. Re3 e5 27. Nd2 Kc6 28. Rc3+ Kb5 29. Ne4 f5 30. Nxd6+ Rxd6 31. Rc7 a6 32. Rh7 Ka4 33. Rxh5 Rf6 34. g4 fxg4 35. Rxe5 Kxa3 36. Re4 Rg6 37. h5 Rh6 38. Rxg4 Rxh5 39. Re4 Rb5 40. f4 Rxb4 41. Kf3 Rb1 42. f5 b5 43. Re2 Rf1+ 44. Rf2 Rc1 45. f6 b4 46. Ke4 Rc8 47. Rf1 Ka2 48. Rf2+ Kb3 49. f7 Rf8 50. Rf5 Kc4 51. Ke3 Kc3 52. Rc5+ Kb2 53. Rf5 a5 54. Rf2+ Kc3 55. Rf6 a4 56. Rc6+ Kb2 57. Rc7 a3 58. Rb7 b3 0-1


[Site "https://www.chess.com"]

[Event "Titled Tuesday Blitz October 31 Early 2023"]
[White "Le, Tuan Minh"]
[Black "Fecker, Noah"]
[WhiteFideId "12401153"]
[BlackFideId "1334263"]
[WhiteElo "2985"]
[BlackElo "2760"]
[Result "1-0"]
[Round "4"]
[TimeControl "180+1"]
[Date "2023.10.31"]
[WhiteClock "0:00:56"]
[BlackClock "0:00:02"]
[Board "8"]

1. d4 Nf6 2. Nf3 g6 3. Bg5 Bg7 4. Nbd2 c5 5. Bxf6 Bxf6 6. Ne4 Bxd4 7. Nxd4 cxd4 8. Qxd4 O-O 9. O-O-O Nc6 10. Qd2 Qa5 11. Nc3 d6 12. h4 h5 13. e4 Be6 14. Kb1 Rfc8 15. Be2 b5 16. f4 b4 17. Nd5 Bxd5 18. exd5 b3 19. cxb3 Nb4 20. a3 Rc2 21. Qe3 Nxd5 22. Rxd5 Rxe2 23. Qf3 Qa6 24. f5 Rf8 25. g4 hxg4 26. Qxg4 Rf2 27. fxg6 f5 28. Qh5 Kg7 29. Re1 Rf1 30. Qh7+ Kf6 31. Qxe7+ Kxg6 32. Rxd6+ Kh5 33. Qg5# 1-0


[Site "https://www.chess.com"]

[Event "Titled Tuesday Blitz October 31 Early 2023"]
[White "Shimanov, Aleksandr"]
[Black "Srihari L R"]
[WhiteFideId "4198603"]
[BlackFideId "46617116"]
[WhiteElo "2977"]
[BlackElo "2748"]
[Result "1-0"]
[Round "4"]
[TimeControl "180+1"]
[Date "2023.10.31"]
[WhiteClock "0:00:46"]
[BlackClock "0:00:03"]
[Board "9"]

1. e4 d6 2. d4 Nf6 3. f3 e5 4. d5 g6 5. c4 Bg7 6. Nc3 O-O 7. Be3 Nh5 8. Qd2 f5 9. O-O-O a5 10. Nge2 Na6 11. h3 f4 12. Bf2 b6 13. Kb1 Nc5 14. b3 Bd7 15. Nc1 Na6 16. Bd3 Nb4 17. Bc2 Ng3 18. Rhe1 Qg5 19. Nd3 h5 20. Nxb4 axb4 21. Nb5 Bxb5 22. cxb5 Ra3 23. Kb2 Rfa8 24. Bb1 h4 25. Qxb4 Nh5 26. Rg1 Ng3 27. Rd2 R3a7 28. a4 Bf6 29. Bc2 Bd8 30. Qc4 Nh5 31. Rdd1 Qe7 32. Ra1 g5 33. Rgc1 Qd7 34. b4 Nf6 35. Be1 Kf7 36. Bb3 Ke8 37. Qc6 Qxc6 38. bxc6 Be7 39. Ra2 Bd8 40. Rca1 Nh5 41. Bc4 Ng3 42. a5 bxa5 43. Rxa5 Rxa5 44. bxa5 Rb8+ 45. Kc2 Ra8 46. a6 g4 47. hxg4 h3 48. gxh3 1-0


[Site "https://www.chess.com"]

[Event "Titled Tuesday Blitz October 31 Early 2023"]
[White "Chigaev, Maksim"]
[Black "Zhao, Erick"]
[WhiteFideId "4108116"]
[BlackFideId "30946930"]
[WhiteElo "2921"]
[BlackElo "2745"]
[Result "1-0"]
[Round "4"]
[TimeControl "180+1"]
[Date "2023.10.31"]
[WhiteClock "0:00:25"]
[BlackClock "0:01:13"]
[Board "10"]

1. e4 c5 2. Ne2 e6 3. Nbc3 a6 4. g3 Qc7 5. Bg2 b5 6. d4 cxd4 7. Nxd4 Bb7 8. O-O d6 9. a4 b4 10. Nd5 exd5 11. exd5 Nd7 12. Re1+ Ne7 13. c4 O-O-O 14. Bd2 a5 15. Nb5 Qb6 16. Qf3 Ng6 17. Be3 Nc5 18. Qxf7 Rd7 19. Bh3 Ne5 20. Bxc5 Qd8 21. Rxe5 dxe5 22. Bxf8 Rxf8 23. Bxd7+ Kb8 24. Qe6 Rf6 25. Qxe5+ Ka8 26. Bc6 Bxc6 27. dxc6 Rxc6 28. Qe4 Qd7 29. Nd4 1-0


[Site "https://www.chess.com"]

[Event "Titled Tuesday Blitz October 31 Early 2023"]
[White "Ilamparthi A R"]
[Black "Krzyzanowski, Marcin"]
[WhiteFideId "45015775"]
[BlackFideId "1132199"]
[WhiteElo "2919"]
[BlackElo "2739"]
[Result "1-0"]
[Round "4"]
[TimeControl "180+1"]
[Date "2023.10.31"]
[WhiteClock "0:00:07"]
[BlackClock "0:00:00"]
[Board "11"]

1. d4 Nf6 2. Nf3 e6 3. Bf4 c5 4. e3 b6 5. Nbd2 Bb7 6. Be2 Be7 7. h3 O-O 8. O-O d6 9. a4 a6 10. c3 Nbd7 11. Bh2 Rc8 12. Nc4 Ne4 13. Nfd2 Nxd2 14. Qxd2 cxd4 15. exd4 Nf6 16. a5 b5 17. Nb6 Rc7 18. Rae1 Nd5 19. Nxd5 Bxd5 20. Bd3 f5 21. Qd1 Rf6 22. Bc2 Rg6 23. f3 Bh4 24. Re2 Bc4 25. Bd3 Bd5 26. Qd2 Bg5 27. Bf4 h6 28. Kh2 Rf7 29. Bxg5 Rxg5 30. Rfe1 Qxa5 31. Rxe6 Bxe6 32. Rxe6 Kh7 33. f4 Rg6 34. Re8 b4 35. c4 Qb6 36. Qe3 Qc6 37. g4 h5 38. d5 Qd7 39. gxf5 Rxf5 40. Re6 Qf7 41. Qe4 Rxe6 42. dxe6 1-0


[Site "https://www.chess.com"]

[Event "Titled Tuesday Blitz October 31 Early 2023"]
[White "Pranav Anand"]
[Black "Szpar, Milosz"]
[WhiteFideId "46626786"]
[BlackFideId "1184989"]
[WhiteElo "2917"]
[BlackElo "2720"]
[Result "1-0"]
[Round "4"]
[TimeControl "180+1"]
[Date "2023.10.31"]
[WhiteClock "0:00:05"]
[BlackClock "0:00:00"]
[Board "12"]

1. d4 d5 2. Nf3 Nf6 3. c3 e6 4. Bf4 c5 5. Nbd2 Nc6 6. e3 cxd4 7. exd4 Nh5 8. Be3 Bd6 9. g3 O-O 10. Bd3 f5 11. Ne5 Nf6 12. Ndf3 Ne4 13. Qe2 Bd7 14. h4 Be8 15. Nxc6 bxc6 16. Ne5 c5 17. Kf1 Rb8 18. Kg2 Bxe5 19. dxe5 d4 20. cxd4 cxd4 21. Bf4 Nc5 22. Bc4 Bc6+ 23. f3 Bd5 24. Rhc1 Qd7 25. b3 Rfc8 26. Rab1 a5 27. Rb2 a4 28. b4 a3 29. Rd2 d3 30. Qf2 Rxb4 31. Bxd5 Qxd5 32. Be3 Rc4 33. Rcd1 Qxe5 34. Re1 Qd5 35. Bf4 Nd7 36. Re3 Rd4 37. h5 Rc2 38. Re1 Qxa2 39. h6 Rxd2 40. Bxd2 Rc4 41. Rxe6 Rc2 42. Re8+ Nf8 43. hxg7 Kxg7 44. Qd4+ Kf7 45. Rxf8+ Kxf8 46. Qd8+ 1-0


[Site "https://www.chess.com"]

[Event "Titled Tuesday Blitz October 31 Early 2023"]
[White "Kazakouski, Valery"]
[Black "Ozates, Tuna"]
[WhiteFideId "13507443"]
[BlackFideId "6354521"]
[WhiteElo "2880"]
[BlackElo "2688"]
[Result "1-0"]
[Round "4"]
[TimeControl "180+1"]
[Date "2023.10.31"]
[WhiteClock "0:00:17"]
[BlackClock "0:00:02"]
[Board "13"]

1. Nf3 c5 2. e4 Nc6 3. Bb5 e6 4. Bxc6 bxc6 5. e5 f6 6. O-O fxe5 7. Nxe5 Nf6 8. d4 cxd4 9. Qxd4 c5 10. Qd3 Be7 11. c4 O-O 12. Nc3 Bb7 13. f4 d5 14. Qh3 Qc8 15. b3 d4 16. Na4 Bd6 17. Nd3 Ne4 18. Ba3 Rf6 19. Rae1 Rh6 20. Qg4 Rg6 21. Qh3 Qc6 22. Re2 Rf8 23. Rfe1 Nf6 24. Bxc5 Bxc5 25. Naxc5 Ba8 26. Qxe6+ Qxe6 27. Nxe6 Re8 28. f5 Rg4 29. h3 Rg3 30. Nef4 Ree3 31. Rxe3 dxe3 32. Kh2 Ne4 33. Nc5 Rg5 34. Nxe4 Bxe4 35. Rxe3 Bxf5 36. g4 Bb1 37. Re2 Ra5 38. a4 Ra6 39. Nd5 h6 40. Kg3 Rd6 41. Re3 Kh7 42. Nc3 Bg6 43. c5 Rd2 44. c6 Rc2 1-0


[Site "https://www.chess.com"]

[Event "Titled Tuesday Blitz October 31 Early 2023"]
[White "Ivic, Velimir"]
[Black "Sharapov, Evgeny"]
[WhiteFideId "950122"]
[BlackFideId "14103133"]
[WhiteElo "2859"]
[BlackElo "2673"]
[Result "1-0"]
[Round "4"]
[TimeControl "180+1"]
[Date "2023.10.31"]
[WhiteClock "0:02:06"]
[BlackClock "0:01:22"]
[Board "14"]

1. e4 c5 2. Nf3 d6 3. d4 cxd4 4. Nxd4 Nf6 5. Nc3 Nc6 6. Bg5 e6 7. Qd2 Be7 8. O-O-O O-O 9. f4 Nxd4 10. Qxd4 Qa5 11. Kb1 Rd8 12. h4 Bd7 13. Bc4 Bc6 14. Bb3 h6 15. Qd3 b5 16. g4 b4 17. Bxf6 Bxf6 18. Ne2 Be7 19. g5 h5 20. Nd4 Ba4 21. g6 Bxb3 22. gxf7+ Kxf7 23. Qxb3 Rac8 24. Nxe6 1-0


[Site "https://www.chess.com"]

[Event "Titled Tuesday Blitz October 31 Early 2023"]
[White "Madaminov, Mukhiddin"]
[Black "Nurmanova, Alua"]
[WhiteFideId "14210703"]
[BlackFideId "13729390"]
[WhiteElo "2853"]
[BlackElo "2640"]
[Result "1-0"]
[Round "4"]
[TimeControl "180+1"]
[Date "2023.10.31"]
[WhiteClock "0:00:35"]
[BlackClock "0:00:00"]
[Board "15"]

1. e4 c5 2. Nf3 d6 3. Bb5+ Bd7 4. c4 Nf6 5. Nc3 a6 6. Bxd7+ Nbxd7 7. O-O e6 8. d4 cxd4 9. Nxd4 Rc8 10. Qe2 Qc7 11. b3 b5 12. Nd5 Qc5 13. Be3 exd5 14. exd5 bxc4 15. bxc4 Ne5 16. Rac1 Nfg4 17. Nb3 Qc7 18. Bd4 g5 19. h3 Nf6 20. c5 Qb8 21. cxd6 Bxd6 22. Bxe5 Kd7 23. Bxf6 Rhe8 24. Qg4+ 1-0


[Site "https://www.chess.com"]

[Event "Titled Tuesday Blitz October 31 Early 2023"]
[White "Klukin, Kirill"]
[Black "Karamsetty, Jeevan"]
[WhiteFideId "24199273"]
[BlackFideId "2025337"]
[WhiteElo "2849"]
[BlackElo "2626"]
[Result "1-0"]
[Round "4"]
[TimeControl "180+1"]
[Date "2023.10.31"]
[WhiteClock "0:00:06"]
[BlackClock "0:00:03"]
[Board "16"]

1. d4 g6 2. Nf3 Bg7 3. c4 d6 4. Nc3 Nc6 5. Bf4 Nxd4 6. Nxd4 e5 7. Be3 exd4 8. Bxd4 Nf6 9. g3 O-O 10. Bg2 a6 11. O-O Re8 12. Qd2 Qe7 13. Rac1 Rb8 14. e3 Be6 15. Nd5 Bxd5 16. cxd5 Rec8 17. Rc2 Nd7 18. Rfc1 Bxd4 19. Qxd4 Ne5 20. f4 Ng4 21. e4 Nf6 22. Bh3 Re8 23. Rxc7 Qd8 24. Bg2 Nd7 25. Bh3 Nc5 26. R7xc5 dxc5 27. Rxc5 Qb6 28. e5 a5 29. d6 Rbd8 30. Kh1 Qa6 31. Qc4 Qa8 32. Bg2 Qa7 33. Bd5 Rf8 34. Kg2 Qb6 35. Rb5 Qe3 36. Rxb7 Qd2+ 37. Kh3 Kh8 38. Rxf7 Qd1 39. Rxf8+ Rxf8 40. Be4 Qh5+ 41. Kg2 Qd1 42. Qd3 Qc1 43. Qd4 Kg7 44. e6+ Kh6 45. e7 Re8 46. g4 Rb8 47. g5+ Kh5 48. Bf3+ Kh4 49. Qf2# 1-0


[Site "https://www.chess.com"]

[Event "Titled Tuesday Blitz October 31 Early 2023"]
[White "Jaskolka, Tomasz"]
[Black "Pakleza, Zbigniew"]
[WhiteFideId "1170791"]
[BlackFideId "1119290"]
[WhiteElo "2589"]
[BlackElo "2813"]
[Result "0-1"]
[Round "4"]
[TimeControl "180+1"]
[Date "2023.10.31"]
[WhiteClock "0:01:43"]
[BlackClock "0:01:56"]
[Board "17"]

1. e4 d5 2. exd5 Nf6 3. d4 Nxd5 4. c4 Nb6 5. Nc3 e5 6. dxe5 Qxd1+ 7. Kxd1 Nc6 8. Nf3 Bg4 9. Bf4 O-O-O+ 10. Kc1 h6 11. Bg3 Be6 12. b3 Ba3+ 13. Kc2 Nb4+ 0-1


[Site "https://www.chess.com"]

[Event "Titled Tuesday Blitz October 31 Early 2023"]
[White "Hambleton, Aman"]
[Black "Guzman Moneo, Alberto"]
[WhiteFideId "2606577"]
[BlackFideId "2209616"]
[WhiteElo "2812"]
[BlackElo "2321"]
[Result "0-1"]
[Round "4"]
[TimeControl "180+1"]
[Date "2023.10.31"]
[WhiteClock "0:00:00"]
[BlackClock "0:00:57"]
[Board "18"]

1. d4 Nf6 2. Bf4 c5 3. e3 Qb6 4. Nc3 d6 5. a3 g6 6. Nf3 Bg7 7. h3 O-O 8. Be2 Nbd7 9. O-O a6 10. Re1 Qc7 11. a4 b6 12. d5 Rb8 13. e4 Ne8 14. Qd2 Ne5 15. Qe3 Nxf3+ 16. Qxf3 Nf6 17. Bc4 Nd7 18. Qe2 Ne5 19. Bxa6 Bxa6 20. Qxa6 c4 21. Qb5 Qc5 22. Qxc5 bxc5 23. Ra2 Rb4 24. a5 Ra8 25. Rea1 Ra6 26. Nd1 Nd7 27. Bd2 Rb5 28. Ne3 Rxb2 29. Nxc4 Rxc2 30. Rxc2 Bxa1 31. Rc1 Bd4 32. Rb1 Ne5 0-1


[Site "https://www.chess.com"]